[Event "Titled Tuesday Blitz December 06 Early 2022"]
[White "Dardha, Daniel"]
[Black "Le, Tuan Minh"]
[WhiteFideId "240990"]
[BlackFideId "12401153"]
[WhiteElo "2528"]
[BlackElo "2530"]
[Result "1/2-1/2"]
[Round "10"]
[TimeControl "180+1"]
[Date "2022.12.06"]
[WhiteClock "0:00:03"]
[BlackClock "0:00:06"]

1. d4 d5 2. c4 c6 3. Nf3 Nf6 4. e3 Bf5 5. Nh4 Bxb1 6. Rxb1 e6 7. Nf3 Nbd7 8. a3 Bd6 9. Bd3 O-O 10. O-O Qe7 11. b4 Rad8 12. Bb2 dxc4 13. Bxc4 e5 14. dxe5 Nxe5 15. Bxe5 Bxe5 16. Qc2 g6 17. b5 c5 18. a4 b6 19. Rbd1 Kg7 20. Bb3 h6 21. g3 Rfe8 22. Qc4 Bc7 23. Nh4 Ne4 24. Nf3 Qf6 25. Rxd8 Bxd8 26. Kg2 g5 27. h3 h5 28. Qe2 Qg6 29. Bc2 Qe6 30. Bd3 Bf6 31. Qc2 Nd6 32. Rc1 Rd8 33. Qe2 Ne8 34. e4 g4 35. hxg4 hxg4 36. Nh2 Bg5 37. Rd1 Nf6 38. e5 Nd5 39. Nxg4 Nc3 40. Qf3 Nxd1 41. Qxd1 Rxd3 42. Qxd3 Qxg4 43. Qd6 Qe4+ 44. Kg1 Qe1+ 45. Kg2 Qe4+ 46. Kg1 Qd4 47. Qc7 c4 48. e6 Qd1+ 49. Kh2 Qh5+ 50. Kg1 Bf6 51. Qxc4 Qd1+ 52. Kg2 fxe6 53. Qxe6 Qd4 54. Qf5 Qxa4 55. Qd7+ Kg6 56. Qe8+ Kg7 57. Qd7+ Kf8 58. Qc8+ Kf7 59. Qd7+ Be7 60. Qf5+ Kg7 61. Qe5+ Bf6 62. Qc7+ Kg6 63. Qd7 Qe4+ 64. Kg1 Bd4 65. Qd6+ Kf5 66. Qd7+ Ke5 67. Qe7+ Kd5 68. Qb7+ Ke5 69. Qe7+ Kf5 70. Qh7+ Ke5 71. Qe7+ 1/2-1/2


[Site "https://www.chess.com"]

[Event "Titled Tuesday Blitz December 06 Early 2022"]
[White "Demin, Vladimir"]
[Black "Putnam, Liam"]
[WhiteFideId "4167457"]
[BlackFideId "30938279"]
[WhiteElo "2574"]
[BlackElo "2082"]
[Result "1/2-1/2"]
[Round "10"]
[TimeControl "180+1"]
[Date "2022.12.06"]
[WhiteClock "0:02:03"]
[BlackClock "0:00:41"]

1. e4 e6 2. d4 d5 3. e5 c5 4. c3 Nc6 5. Nf3 Bd7 6. Na3 Nh6 7. Bd3 Rc8 8. Nc2 cxd4 9. cxd4 Nb4 10. Nxb4 Bxb4+ 11. Bd2 Qb6 12. O-O Bxd2 13. Qxd2 O-O 14. Rfc1 Bb5 15. Bxb5 Qxb5 16. b3 Nf5 17. g4 Ne7 18. Rxc8 Rxc8 19. Rc1 Rxc1+ 20. Qxc1 Nc6 21. Qd2 h6 22. Kg2 a5 23. Qc2 Qb4 24. Qd3 a4 25. bxa4 Qxa4 26. a3 Qc4 27. Qd2 Qb3 28. Qc1 Qd3 29. Qc5 Qe4 30. h3 Qd3 31. Qb6 Qxa3 32. Qxb7 Qc3 33. Qc8+ Kh7 34. Qc7 Kg8 35. Qc8+ Kh7 36. Qc7 Kg8 37. Qc8+ 1/2-1/2


[Site "https://www.chess.com"]

[Event "Titled Tuesday Blitz December 06 Early 2022"]
[White "Dzhaparov, Medet"]
[Black "Suduvasachmatai"]
[WhiteFideId "13803689"]
[WhiteElo "1702"]
[BlackElo "2032"]
[Result "0-1"]
[Round "10"]
[TimeControl "180+1"]
[Date "2022.12.07"]
[WhiteClock "0:00:01"]
[BlackClock "0:00:01"]

1. e4 c5 2. Nf3 d6 3. d4 cxd4 4. Nxd4 Nf6 5. Nc3 a6 6. Bg5 e5 7. Nb3 Be6 8. Bd3 Be7 9. O-O O-O 10. Qf3 Nc6 11. Qg3 Nh5 12. Qf3 Bxg5 13. Qxh5 g6 14. Qf3 f5 15. exf5 gxf5 16. Qe2 e4 17. Nxe4 fxe4 18. Qxe4 Bf5 19. Qd5+ Kh8 20. Bxf5 Qf6 21. Bd3 Bf4 22. Qh5 Qg7 23. Kh1 Rg8 24. Rg1 Be5 25. c3 Raf8 26. f3 Rf6 27. g3 Rh6 28. Qf5 Rxh2+ 29. Kxh2 Bxg3+ 30. Kg2 Qh6 31. Rh1 Bh2+ 32. Kf1 Ne5 33. Ke2 Nxd3 34. Qxd3 Re8+ 35. Kd1 Qh3 36. Kc2 Qg2+ 37. Qd2 Qg6+ 38. Kc1 Rg8 39. Rxh2 Qg1+ 0-1


[Site "https://www.chess.com"]

[Event "Titled Tuesday Blitz December 06 Early 2022"]
[White "Estrada Nieto, Julian"]
[Black "Koellner, Ruben Gideon"]
[WhiteFideId "5101018"]
[BlackFideId "12993093"]
[WhiteElo "2195"]
[BlackElo "2303"]
[Result "0-1"]
[Round "10"]
[TimeControl "180+1"]
[Date "2022.12.07"]
[WhiteClock "0:00:03"]
[BlackClock "0:00:33"]

1. e4 d6 2. d4 Nf6 3. Nc3 e5 4. Nf3 Nbd7 5. Bc4 Be7 6. O-O c6 7. a4 h6 8. Re1 Qc7 9. b3 Nf8 10. Bb2 Ng6 11. a5 O-O 12. h3 Re8 13. Qd2 Bf8 14. d5 Rb8 15. b4 a6 16. Bb3 Nf4 17. Qe3 cxd5 18. Nxd5 N6xd5 19. exd5 Bd7 20. c4 b6 21. axb6 Qxb6 22. Qxb6 Rxb6 23. Bc3 Nd3 24. Reb1 Nxb4 25. c5 dxc5 26. Nxe5 Bf5 27. Rd1 Nc2 28. Bxc2 Bxc2 29. Rd2 Bb3 30. Rb1 Reb8 31. Nd7 Bd6 32. Nxb6 Rxb6 33. Re2 c4 34. Bd4 Rb5 35. Be5 Rxd5 36. Bxd6 Rxd6 37. Re8+ Kh7 38. Rc8 a5 39. Ra8 a4 40. Rc1 Rc6 41. Rc3 Rd6 42. Ra7 Rd3 43. Rxd3 cxd3 0-1


[Site "https://www.chess.com"]

[Event "Titled Tuesday Blitz December 06 Early 2022"]
[White "Fabris, Alberto"]
[Black "Kirillov, Dmitry"]
[WhiteFideId "801348"]
[BlackFideId "34180572"]
[WhiteElo "2205"]
[BlackElo "2111"]
[Result "1-0"]
[Round "10"]
[TimeControl "180+1"]
[Date "2022.12.07"]
[WhiteClock "0:00:49"]
[BlackClock "0:00:02"]

1. e4 c6 2. d4 d5 3. e5 c5 4. c4 cxd4 5. Qxd4 e6 6. cxd5 exd5 7. Nc3 Ne7 8. Bg5 Nbc6 9. Qf4 d4 10. Ne4 Qa5+ 11. Nd2 Qxe5+ 12. Qxe5 Nxe5 13. Ngf3 Nxf3+ 14. Nxf3 Nc6 15. Bb5 Bb4+ 16. Kf1 Bc5 17. Rc1 Bb6 18. Rxc6 Bd7 19. Rxb6 axb6 20. Bxd7+ Kxd7 21. a3 d3 22. Ne5+ Ke6 23. Nxd3 f6 24. Be3 Rac8 25. Nb4 b5 26. Ke2 Rc4 27. Rd1 Rhc8 28. h3 g5 29. Rd3 h5 30. Bd2 g4 31. hxg4 hxg4 32. f3 gxf3+ 33. gxf3 Rh8 34. Bc3 Rh2+ 35. Ke3 f5 36. Rd4 Rxd4 37. Bxd4 Rh4 38. Nd3 Kd5 39. Bc3 Kc4 40. Ne5+ Kb3 41. Nd7 Rh5 42. Nc5+ Kc4 43. Nxb7 Rh6 44. Na5+ Kd5 45. Nb3 Rh4 46. Nd4 f4+ 47. Kd3 1-0


[Site "https://www.chess.com"]

[Event "Titled Tuesday Blitz December 06 Early 2022"]
[White "Farmani Anosheh, Armin"]
[Black "Shuvalov, Evgenij"]
[WhiteFideId "24613240"]
[BlackFideId "4187237"]
[WhiteElo "2289"]
[BlackElo "2049"]
[Result "1-0"]
[Round "10"]
[TimeControl "180+1"]
[Date "2022.12.07"]
[WhiteClock "0:00:06"]
[BlackClock "0:00:05"]

1. d4 Nf6 2. c4 c5 3. d5 b5 4. cxb5 a6 5. bxa6 Bxa6 6. Nc3 g6 7. e4 Bxf1 8. Kxf1 d6 9. g3 Bg7 10. Kg2 O-O 11. Nf3 Nbd7 12. a4 Qb6 13. h3 Rfb8 14. Re1 Ne8 15. Ra3 Nc7 16. Re2 Qa6 17. Bg5 h6 18. Bf4 g5 19. Be3 Nb6 20. h4 Nc4 21. Ra2 g4 22. Nh2 h5 23. Bc1 Ne5 24. Bg5 Kf8 25. Qd2 Qd3 26. Qc1 Nf3 27. Bh6 Rb4 28. Bxg7+ Kxg7 29. Re3 Qd4 30. Nxf3 gxf3+ 31. Rxf3 f6 32. Rf5 Rh8 33. a5 Na6 34. Qc2 Rc4 35. Qe2 Kg6 36. g4 hxg4 37. Qxg4+ Kf7 38. Kh2 Qd2 39. Rf3 Nb4 40. Ra4 Rd4 41. a6 Rg8 42. Qh5+ Kf8 43. a7 Kg7 44. a8=Q Rxa8 45. Rxa8 Rd3 46. Qh8+ Kg6 47. Rg8+ Kf7 48. Qh7# 1-0


[Site "https://www.chess.com"]

[Event "Titled Tuesday Blitz December 06 Early 2022"]
[White "Flis, Pawel"]
[Black "Mrudul Dehankar"]
[WhiteFideId "1112864"]
[BlackFideId "25096990"]
[WhiteElo "1817"]
[BlackElo "2139"]
[Result "0-1"]
[Round "10"]
[TimeControl "180+1"]
[Date "2022.12.07"]
[WhiteClock "0:00:01"]
[BlackClock "0:00:02"]

1. e4 c5 2. Nf3 d6 3. d4 cxd4 4. Nxd4 Nf6 5. Nc3 a6 6. a4 e6 7. Be2 Qc7 8. O-O b6 9. Kh1 Bb7 10. Bd3 Nbd7 11. f4 Be7 12. Qe2 Rc8 13. Bd2 O-O 14. Rae1 Nc5 15. e5 Nxd3 16. exf6 Nxe1 17. fxe7 Bxg2+ 18. Kg1 Bxf1 19. exf8=Q+ Rxf8 20. Qxf1 e5 21. Nf5 Nxc2 22. Qg2 g6 23. Ne4 f6 24. Nfxd6 Nd4 25. Bc3 b5 26. axb5 axb5 27. Bxd4 exd4 28. Nxb5 Qc4 29. Ned6 Qc5 30. Qf2 Rd8 31. Kg2 Qd5+ 32. Qf3 Qc5 33. Qb7 Qc2+ 34. Kf3 Qd3+ 35. Kg2 Qe2+ 0-1


[Site "https://www.chess.com"]

[Event "Titled Tuesday Blitz December 06 Early 2022"]
[White "Gatterer, Florian"]
[Black "Ghosh, Chanchal Kumer"]
[WhiteFideId "811688"]
[BlackFideId "10201858"]
[WhiteElo "2218"]
[BlackElo "2058"]
[Result "1-0"]
[Round "10"]
[TimeControl "180+1"]
[Date "2022.12.07"]
[WhiteClock "0:01:47"]
[BlackClock "0:01:33"]

1. e4 c5 2. Nf3 d6 3. Nc3 Nf6 4. d4 cxd4 5. Nxd4 e5 6. Bb5+ Nbd7 7. Nf5 Qc7 8. Bg5 a6 9. Bxf6 gxf6 10. Bxd7+ Bxd7 11. Nd5 Qd8 12. Qf3 Bxf5 13. Qxf5 Be7 14. O-O O-O 15. Rad1 Kh8 16. Rd3 Rc8 17. Rh3 1-0


[Site "https://www.chess.com"]

[Event "Titled Tuesday Blitz December 06 Early 2022"]
[White "Gheorghiu, Calin"]
[Black "Battlecruiser_Operational"]
[WhiteFideId "1200305"]
[WhiteElo "2224"]
[BlackElo "2264"]
[Result "0-1"]
[Round "10"]
[TimeControl "180+1"]
[Date "2022.12.07"]
[WhiteClock "0:00:01"]
[BlackClock "0:00:01"]

1. d4 d5 2. Nf3 Nf6 3. Bf4 e6 4. e3 c5 5. Nbd2 Bd6 6. Ne5 Qb6 7. Nec4 dxc4 8. Nxc4 Qc6 9. Nxd6+ Ke7 10. Be2 cxd4 11. Bf3 Qb6 12. exd4 Nc6 13. O-O Qxb2 14. d5 Nd4 15. Re1 Nxf3+ 16. Qxf3 Rd8 17. Nf5+ Kf8 18. Be5 Qxc2 19. Nxg7 Nxd5 20. Nh5 Bd7 21. Re4 Bc6 22. Qa3+ Ke8 23. Rd4 Qg6 24. Ng7+ Kd7 25. Rxd5+ exd5 26. Rb1 f6 27. Re1 fxe5 0-1


[Site "https://www.chess.com"]

[Event "Titled Tuesday Blitz December 06 Early 2022"]
[White "Golubev, Mikhail"]
[Black "Kuznetsov, Mikhail"]
[WhiteFideId "14100983"]
[BlackFideId "4117190"]
[WhiteElo "2374"]
[BlackElo "1981"]
[Result "1-0"]
[Round "10"]
[TimeControl "180+1"]
[Date "2022.12.07"]
[WhiteClock "0:01:48"]
[BlackClock "0:01:00"]

1. e4 c6 2. d4 d5 3. Nc3 a6 4. e5 Bf5 5. g4 Bd7 6. f4 h5 7. f5 hxg4 8. e6 fxe6 9. Qxg4 Qb6 10. fxe6 Bc8 11. Nf3 Nf6 12. Qg6+ Kd8 13. Ng5 Qxd4 14. Nf7+ Kc7 15. Qg3+ Kb6 16. Be3 1-0


[Site "https://www.chess.com"]

[Event "Titled Tuesday Blitz December 06 Early 2022"]
[White "Gormally, Daniel W"]
[Black "Gabuzyan, Hovhannes"]
[WhiteFideId "406465"]
[BlackFideId "13303732"]
[WhiteElo "2553"]
[BlackElo "2486"]
[Result "0-1"]
[Round "10"]
[TimeControl "180+1"]
[Date "2022.12.06"]
[WhiteClock "0:00:04"]
[BlackClock "0:00:56"]

1. e4 c5 2. Nc3 Nc6 3. Bb5 Nd4 4. Bc4 a6 5. Nge2 b5 6. Bd5 Rb8 7. Nxd4 cxd4 8. Ne2 e6 9. Bb3 a5 10. a4 Bc5 11. axb5 Rxb5 12. d3 Bb6 13. O-O Ne7 14. Ng3 O-O 15. Kh1 Bb7 16. Bd2 f5 17. f4 h6 18. Qe2 Kh8 19. Ba4 Rc5 20. b4 axb4 21. Bxb4 fxe4 22. Bxc5 exd3 23. Qe5 Bxc5 24. Qxc5 Ng6 25. Qxd4 Nh4 26. Rf2 e5 27. Qxe5 Re8 28. Qd4 Qa5 29. h3 Nxg2 30. Kh2 Nh4 31. Bxd7 Qd8 32. Nh5 Re7 33. Nxg7 Rxg7 34. Rg1 Qxd7 35. Qxd7 Rxd7 0-1


[Site "https://www.chess.com"]

[Event "Titled Tuesday Blitz December 06 Early 2022"]
[White "Goroshkov, Maksym"]
[Black "Nugumanov, Bakhtiyar"]
[WhiteFideId "14142716"]
[BlackFideId "13701797"]
[WhiteElo "2258"]
[BlackElo "2287"]
[Result "1/2-1/2"]
[Round "10"]
[TimeControl "180+1"]
[Date "2022.12.07"]
[WhiteClock "0:00:04"]
[BlackClock "0:00:09"]

1. e4 c5 2. d4 cxd4 3. c3 d5 4. exd5 Qxd5 5. cxd4 Nc6 6. Nf3 Bg4 7. Be2 e6 8. Nc3 Qa5 9. O-O Nf6 10. h3 Bf5 11. Be3 Be7 12. Bd3 Bxd3 13. Qxd3 O-O 14. Rad1 Nb4 15. Qd2 Nbd5 16. Nxd5 Qxd5 17. b3 Rac8 18. Rc1 Ba3 19. Rc2 Ne4 20. Qd3 h6 21. Ne5 Nd6 22. Nc4 Bb4 23. a3 b5 24. axb4 bxc4 25. bxc4 Rxc4 26. Rxc4 Qxc4 27. Qxc4 Nxc4 28. Rc1 Rc8 29. d5 exd5 30. Bxa7 Ra8 31. Bd4 Ra4 32. Rb1 Na3 33. Rb2 Nb5 34. Bc5 d4 35. Re2 d3 36. Re8+ Kh7 37. Rd8 Ra3 38. Rd7 Kg6 39. h4 h5 40. g3 Rb3 41. Kg2 f6 42. Bf8 Kf5 43. Rd5+ Ke4 44. Rd7 Rb2 45. Bxg7 d2 46. Bh6 Nd4 47. Bxd2 Rxd2 48. b5 Rb2 49. Rd6 Ke5 50. Rd8 Rxb5 51. Rh8 Ke4 52. Re8+ Kf5 53. Rh8 Kg6 54. Rg8+ Kf7 55. Rh8 Ne6 56. Rh7+ Ng7 57. Rh8 Kg6 58. Rg8 Rb2 59. Rf8 Ne6 60. Re8 Kf5 61. Rh8 Ng7 62. Rg8 Rb7 63. Rh8 Kg4 64. Rg8 Kf5 65. Rh8 Ke6 66. Rg8 f5 67. Rh8 Kf6 68. Rf8+ Kg6 69. Rh8 Rb3 70. Rf8 Ne6 71. Re8 Kf7 72. Rh8 Ng7 73. Rh6 Rc3 74. Rh8 f4 75. gxf4 Kg6 76. Rf8 Nf5 77. Rg8+ Kh6 78. Rh8+ Kg6 79. Rg8+ Kh7 80. Rg5 Nxh4+ 81. Kf1 Kh6 82. Ra5 Rc2 83. Ra6+ Kg7 84. Ra5 Kg6 85. Ra6+ Kf5 86. Ra5+ Kg4 87. Rg5+ Kxf4 88. Rxh5 Nf3 89. Kg2 Rc1 90. Ra5 Rg1+ 91. Kh3 Rh1+ 92. Kg2 Rh2+ 93. Kf1 Ne5 94. Ra4+ Kf5 95. f4 Nd3 96. Kg1 Rd2 97. Rd4 Kg4 98. f5+ Kf3 99. f6 Rd1+ 100. Kh2 Ke3 101. Rd8 Rf1 102. Re8+ Kd4 103. Rf8 Ne5 104. Rd8+ Ke4 105. Rf8 Rf5 106. Kg3 Kd5 107. Kh4 Ke6 108. f7 Nxf7 109. Re8+ Kf6 110. Re1 Re5 111. Rxe5 Nxe5 1/2-1/2


[Site "https://www.chess.com"]

[Event "Titled Tuesday Blitz December 06 Early 2022"]
[White "Grot, Blazej"]
[Black "Cramling Bellon, Anna"]
[WhiteFideId "21835845"]
[BlackFideId "32009232"]
[WhiteElo "1823"]
[BlackElo "1972"]
[Result "1-0"]
[Round "10"]
[TimeControl "180+1"]
[Date "2022.12.07"]
[WhiteClock "0:00:53"]
[BlackClock "0:00:01"]

1. e4 c5 2. Nc3 Nc6 3. Bb5 Nd4 4. Nf3 Nxb5 5. Nxb5 a6 6. Nc3 d6 7. d4 cxd4 8. Qxd4 Nf6 9. Bg5 Bg4 10. O-O-O Bxf3 11. gxf3 Qa5 12. Bxf6 gxf6 13. Nd5 Qxa2 14. Nc7+ Kd7 15. Nd5 Bh6+ 16. f4 Rac8 17. Nxf6+ Kd8 18. Nd5 Kd7 19. Qb6 Rc3 20. Qxb7+ 1-0


[Site "https://www.chess.com"]

[Event "Titled Tuesday Blitz December 06 Early 2022"]
[White "HSH1987"]
[Black "Sanchez, Robert"]
[BlackFideId "2034360"]
[WhiteElo "2533"]
[BlackElo "2370"]
[Result "1-0"]
[Round "10"]
[TimeControl "180+1"]
[Date "2022.12.07"]
[WhiteClock "0:00:54"]
[BlackClock "0:00:53"]

1. Nf3 d5 2. g3 Nc6 3. d4 Bf5 4. Bg2 Qd7 5. O-O f6 6. c4 O-O-O 7. cxd5 Nb4 8. Nc3 h5 9. e4 Bh3 10. a3 Na6 11. Qa4 Qg4 12. Nh4 Bxg2 13. Kxg2 Kb8 14. f3 Qc8 15. Ng6 Rh7 16. h4 e6 17. dxe6 Qxe6 18. Be3 Qf7 19. Nxf8 Qxf8 20. Rh1 Ne7 21. Rac1 f5 22. Bg5 fxe4 23. fxe4 c6 24. Rhf1 Qe8 25. Qb3 Rxd4 26. Qe6 Rd7 27. Rf7 Nc7 28. Rxe7 Rxe7 29. Qxe7 Qc8 30. Bf4 1-0


[Site "https://www.chess.com"]

[Event "Titled Tuesday Blitz December 06 Early 2022"]
[White "Han, Yichen"]
[Black "Mikhailovsky, Vladimir"]
[WhiteFideId "1054430"]
[BlackFideId "34105414"]
[WhiteElo "2323"]
[BlackElo "2295"]
[Result "1-0"]
[Round "10"]
[TimeControl "180+1"]
[Date "2022.12.06"]
[WhiteClock "0:00:18"]
[BlackClock "0:00:05"]

1. d4 d6 2. e4 Nf6 3. Nc3 e5 4. Nf3 Nbd7 5. Rg1 h5 6. Bc4 exd4 7. Qxd4 Nb6 8. Bb3 c5 9. Qd3 Be6 10. Bxe6 fxe6 11. e5 dxe5 12. Qg6+ Ke7 13. Nxe5 Qe8 14. Qg5 Kd8 15. Be3 Kc8 16. Ng6 Rh6 17. Nxf8 Qxf8 18. Bxc5 Qe8 19. O-O-O Nbd5 20. Nxd5 Nxd5 21. Rge1 Qg6 22. Qxg6 Rxg6 23. Rxd5 exd5 24. Re8+ Kd7 25. Rxa8 Rxg2 26. Rxa7 Rxh2 27. Bd4 g5 28. Rxb7+ Kc6 29. Rg7 g4 30. Kd2 Rg2 31. Rh7 Rh2 32. Kd3 Rh1 33. Rh6+ Kb5 34. Rb6+ Ka5 35. b4+ Ka4 36. Kc3 Rh3+ 37. Kb2 g3 38. fxg3 Rxg3 39. Rh6 Rg4 40. Bc5 Rh4 41. Ra6+ Kb5 42. Ra8 Rh1 43. a4+ Kc4 44. a5 h4 45. a6 h3 46. a7 h2 47. Rh8 Ra1 48. Kxa1 h1=Q+ 49. Rxh1 d4 50. a8=Q d3 51. Qa2+ Kc3 52. Qb3+ Kd2 53. Qxd3# 1-0


[Site "https://www.chess.com"]

[Event "Titled Tuesday Blitz December 06 Early 2022"]
[White "Hansen, Eric"]
[Black "Movahed, Sina"]
[WhiteFideId "2606771"]
[BlackFideId "42520835"]
[WhiteElo "2568"]
[BlackElo "2225"]
[Result "1-0"]
[Round "10"]
[TimeControl "180+1"]
[Date "2022.12.06"]
[WhiteClock "0:01:07"]
[BlackClock "0:00:09"]

1. d4 Nf6 2. Nf3 g6 3. Bg5 Bg7 4. c3 O-O 5. Nbd2 c5 6. e3 d6 7. Be2 Nc6 8. O-O h6 9. Bh4 Bf5 10. Re1 a6 11. a4 cxd4 12. exd4 Qc7 13. Nc4 Be4 14. Nfd2 Bf5 15. Ne3 Bc8 16. Bxf6 exf6 17. Nd5 Qd8 18. Bf3 f5 19. g3 Rb8 20. Nc4 b5 21. axb5 axb5 22. Nce3 Re8 23. h4 h5 24. Ng2 Rxe1+ 25. Qxe1 Bb7 26. Ngf4 b4 27. Qe3 bxc3 28. bxc3 Kh7 29. Nh3 Kg8 30. Ng5 Qd7 31. Re1 Rf8 32. Qe2 Rc8 33. Nb6 Qd8 34. Nxc8 Qxc8 35. Qe8+ Qxe8 36. Rxe8+ Bf8 37. Bd5 1-0


[Site "https://www.chess.com"]

[Event "Titled Tuesday Blitz December 06 Early 2022"]
[White "Herman, Daniel"]
[Black "Jiganchine, Roman"]
[WhiteFideId "30935008"]
[BlackFideId "2603667"]
[WhiteElo "1897"]
[BlackElo "2346"]
[Result "1-0"]
[Round "10"]
[TimeControl "180+1"]
[Date "2022.12.07"]
[WhiteClock "0:00:12"]
[BlackClock "0:00:01"]

1. e4 c6 2. d4 d5 3. e5 Bf5 4. Nf3 e6 5. Be2 Nd7 6. O-O a6 7. Nbd2 h6 8. Nb3 c5 9. Be3 Rc8 10. Rc1 c4 11. Nbd2 c3 12. bxc3 Rxc3 13. Nb3 Ba3 14. Ra1 Bxc2 15. Qd2 Rc8 16. Nc5 Bxc5 17. dxc5 Be4 18. Qb4 Qc7 19. Nd2 Bg6 20. f4 Ne7 21. Nb3 O-O 22. Rac1 Rfd8 23. Bf2 Nc6 24. Qd2 Ne7 25. Rfd1 h5 26. Qe3 Nf5 27. Qh3 h4 28. Bxh4 Nxh4 29. Qxh4 Nb8 30. Rc3 Nc6 31. Rh3 Kf8 32. Qh8+ Ke7 33. Qxg7 Rg8 34. Qf6+ Kf8 35. Rh8 Qe7 36. Rxg8+ Kxg8 37. Qxe7 Nxe7 38. g4 Be4 39. Kf2 Ng6 40. Ke3 Nh4 41. Bf1 Ng2+ 42. Bxg2 Bxg2 43. Rc1 Be4 44. Nd4 Kf8 45. f5 Ke7 46. f6+ Kd7 47. g5 Rh8 48. c6+ bxc6 49. Rxc6 Rh3+ 50. Kf4 Rd3 51. Rd6+ Kc7 52. Nxe6+ fxe6 53. Rxe6 Rf3+ 54. Kg4 d4 55. Re7+ Kc6 56. e6 d3 57. Rd7 Rf1 58. f7 Bd5 59. Rxd5 Kxd5 60. e7 d2 61. f8=Q d1=Q+ 62. Kh4 Qd4+ 63. Kh5 Qd1+ 64. Kg6 Qd3+ 65. Kg7 Qd4+ 66. Qf6 Rf5 67. Qxd4+ Kxd4 68. e8=Q Rxg5+ 69. Kf6 1-0


[Site "https://www.chess.com"]

[Event "Titled Tuesday Blitz December 06 Early 2022"]
[White "Hirneise, Jens"]
[Black "Chigaev, Maksim"]
[WhiteFideId "24614734"]
[BlackFideId "4108116"]
[WhiteElo "2345"]
[BlackElo "2542"]
[Result "0-1"]
[Round "10"]
[TimeControl "180+1"]
[Date "2022.12.07"]
[WhiteClock "0:00:07"]
[BlackClock "0:00:20"]

1. e4 c5 2. Nf3 e6 3. Nc3 Nc6 4. d4 cxd4 5. Nxd4 Nf6 6. Nxc6 bxc6 7. e5 Nd5 8. Ne4 Qc7 9. f4 Qb6 10. c4 Ne3 11. Qd3 Nf5 12. Be2 Bb4+ 13. Bd2 O-O 14. O-O-O c5 15. g4 Nd4 16. Be3 Nxe2+ 17. Qxe2 Bb7 18. Bf2 Rab8 19. Nd6 Bxh1 20. Rxh1 Bc3 21. Nb5 Bxb2+ 22. Qxb2 a6 23. Qa3 axb5 24. Qxc5 Qa6 25. a3 Rfc8 26. Qd6 Rxc4+ 27. Kb2 Qxd6 28. exd6 b4 29. a4 b3 30. Ba7 Rb7 31. Be3 Rxa4 32. Rc1 Ra2+ 33. Kb1 Ra8 34. Rc7 Rxc7 35. dxc7 Rc8 36. Bb6 d6 37. Kb2 Kf8 38. Kxb3 Ke7 39. Kc4 Kd7 40. Kb5 Rxc7 41. Bxc7 Kxc7 0-1


[Site "https://www.chess.com"]

[Event "Titled Tuesday Blitz December 06 Early 2022"]
[White "Ibarra Jerez, Jose Carlos"]
[Black "Sarana, Alexey"]
[WhiteFideId "2226332"]
[BlackFideId "24133795"]
[WhiteElo "2638"]
[BlackElo "2708"]
[Result "1-0"]
[Round "10"]
[TimeControl "180+1"]
[Date "2022.12.06"]
[WhiteClock "0:00:05"]
[BlackClock "0:00:02"]

1. a3 d5 2. b4 e5 3. Bb2 Bd6 4. e3 Nf6 5. c4 c6 6. Nf3 Qe7 7. cxd5 cxd5 8. Nc3 a6 9. Rc1 O-O 10. Na4 Nbd7 11. Be2 b6 12. O-O Bb7 13. d4 e4 14. Ne5 Rac8 15. Qb3 h5 16. h3 h4 17. b5 a5 18. Nc6 Qe6 19. Rc2 g5 20. Ne5 Rxc2 21. Qxc2 Nxe5 22. dxe5 Bxe5 23. Bxe5 Qxe5 24. Nxb6 Qd6 25. Na4 Qxa3 26. Qd1 Nd7 27. Qd4 Qd6 28. Rd1 Qb4 29. Qxb4 axb4 30. Rb1 Rc8 31. Bg4 Ra8 32. Rxb4 Ne5 33. Nc5 Nd3 34. Nxd3 exd3 35. Rd4 Ra1+ 36. Kh2 Rb1 37. Bd7 Rb3 38. Bc6 Bxc6 39. bxc6 Rc3 40. Rxd5 f6 41. Rd6 Kf7 42. c7 Ke7 43. Rxd3 Rxc7 44. g3 Rc2 45. gxh4 Rxf2+ 46. Kg3 Rf5 47. h5 Re5 48. Kg4 Ke6 49. h6 Re4+ 50. Kh5 Rh4+ 51. Kg6 g4 52. hxg4 Rxg4+ 53. Kh7 f5 54. Ra3 Rg3 55. Ra8 Kf7 56. Ra7+ Kf6 57. Ra6+ Kf7 58. Ra5 Kf6 59. Ra3 Kf7 60. Rb3 Kf6 61. Kh8 Kf7 62. h7 Kf6 63. Rb8 Kf7 64. Rb7+ Kf8 65. Rb5 Rxe3 66. Rxf5+ Ke7 67. Kg7 Rg3+ 68. Kh6 Rh3+ 69. Rh5 Rxh5+ 70. Kxh5 Kf7 71. h8=Q 1-0


[Site "https://www.chess.com"]

[Event "Titled Tuesday Blitz December 06 Early 2022"]
[White "Ismayil, Malak"]
[Black "Guzman Moneo, Alberto"]
[WhiteFideId "13412604"]
[BlackFideId "2209616"]
[WhiteElo "1880"]
[BlackElo "2157"]
[Result "0-1"]
[Round "10"]
[TimeControl "180+1"]
[Date "2022.12.07"]
[WhiteClock "0:00:02"]
[BlackClock "0:00:46"]

1. e4 c5 2. Nf3 Nc6 3. Bb5 g6 4. Bxc6 dxc6 5. h3 Qc7 6. d3 e5 7. Nc3 Nf6 8. Be3 b6 9. Qd2 Nh5 10. Nh2 h6 11. Ng4 f5 12. exf5 gxf5 13. Nxh6 f4 14. Ng4 fxe3 15. Qxe3 Bg7 16. Ne4 Bxg4 17. hxg4 Nf4 18. Rxh8+ Bxh8 19. O-O-O O-O-O 20. g3 Ne6 21. Rh1 Qf7 22. g5 Kb8 23. Rh6 Bg7 24. Rh7 Qg8 25. g6 Nd4 26. Qg5 Re8 27. b3 Ne6 28. Qf5 Rf8 29. Qh5 Nd4 30. f4 exf4 31. gxf4 Ne2+ 32. Qxe2 Rxf4 33. Qh2 Be5 34. Rf7 Rf1+ 0-1


[Site "https://www.chess.com"]

[Event "Titled Tuesday Blitz December 06 Early 2022"]
[White "Jaskolka, Tomasz"]
[Black "Bazarov, Konstantin"]
[WhiteFideId "1170791"]
[BlackFideId "4137000"]
[WhiteElo "2126"]
[BlackElo "2228"]
[Result "1-0"]
[Round "10"]
[TimeControl "180+1"]
[Date "2022.12.07"]
[WhiteClock "0:00:50"]
[BlackClock "0:00:45"]

1. e4 b6 2. d4 Bb7 3. Nc3 e6 4. Nf3 Bb4 5. Bd3 Nf6 6. Qe2 d5 7. exd5 Nxd5 8. Bd2 Nxc3 9. bxc3 Be7 10. O-O Nd7 11. a4 a5 12. Rfe1 O-O 13. Ne5 Nxe5 14. Qxe5 Qd5 15. Qg3 Qd7 16. Bh6 Bf6 17. Bf4 Rac8 18. h4 Kh8 19. h5 h6 20. Qe3 Ba8 21. Bxh6 Qd5 22. f3 Qxh5 23. Bf4 Bh4 24. g3 g5 25. gxh4 gxf4 26. Qe5+ Qxe5 27. Rxe5 Bxf3 28. Kf2 Bc6 29. Rg1 f5 30. Rxe6 Rf7 31. Rh6+ Rh7 32. Rxh7+ Kxh7 33. Bxf5+ 1-0


[Site "https://www.chess.com"]

[Event "Titled Tuesday Blitz December 06 Early 2022"]
[White "Jobava, Baadur"]
[Black "Sadhwani, Raunak"]
[WhiteFideId "13601520"]
[BlackFideId "35093487"]
[WhiteElo "2582"]
[BlackElo "2657"]
[Result "0-1"]
[Round "10"]
[TimeControl "180+1"]
[Date "2022.12.06"]
[WhiteClock "0:00:08"]
[BlackClock "0:00:16"]

1. e4 e5 2. Nf3 Nc6 3. c3 d5 4. d3 Nf6 5. Qc2 a5 6. a4 Bc5 7. Be2 O-O 8. O-O b6 9. h3 h6 10. Re1 Re8 11. Na3 Bb7 12. Nb5 Qd7 13. Bf1 Bf8 14. Be3 Na7 15. Nxa7 Rxa7 16. Bd2 Raa8 17. Rad1 Rad8 18. Bc1 dxe4 19. dxe4 Bxe4 20. Rxd7 Bxc2 21. Rxc7 Bxa4 22. Bc4 Nd5 23. Rb7 Bc6 24. Bxd5 Bxd5 25. Rxb6 f6 26. Be3 Rb8 27. Rd1 Be6 28. Nd2 Rxb6 29. Bxb6 a4 30. c4 Rc8 31. Ra1 Bb4 32. Nf3 Rxc4 33. Rxa4 Rc1+ 34. Kh2 Bd6 35. Ra8+ Kh7 36. Rd8 Rc6 37. Be3 Bc7 0-1


[Site "https://www.chess.com"]

[Event "Titled Tuesday Blitz December 06 Early 2022"]
[White "Kazakouski, Valery"]
[Black "Gabdrakhmanov, Azat"]
[WhiteFideId "13507443"]
[BlackFideId "34189197"]
[WhiteElo "2516"]
[BlackElo "2254"]
[Result "1-0"]
[Round "10"]
[TimeControl "180+1"]
[Date "2022.12.06"]
[WhiteClock "0:00:39"]
[BlackClock "0:00:03"]

1. Nf3 g6 2. c4 Bg7 3. d4 Nf6 4. g3 O-O 5. Bg2 d6 6. O-O c5 7. dxc5 dxc5 8. Ne5 Nfd7 9. Nxd7 Nxd7 10. Qb3 Nb6 11. Rd1 Qc7 12. Nc3 Be6 13. Nd5 Bxd5 14. cxd5 c4 15. Qc2 Rfd8 16. Bf4 Qc5 17. Be3 Qb5 18. Bd4 Nxd5 19. a4 Nb4 20. Qc3 Rxd4 21. axb5 Rxd1+ 22. Rxd1 Bxc3 23. bxc3 Na2 24. Bxb7 Rb8 25. Rd7 Nxc3 26. Rxe7 Nxe2+ 27. Kf1 Nd4 28. Bd5 c3 29. Rxf7 Kh8 30. Rc7 Rxb5 31. Be4 a5 32. Rxc3 Re5 33. f3 Kg7 34. Rc7+ Kh6 35. h4 Ne6 36. Ra7 Rb5 37. g4 Nf8 38. Kf2 Rb8 39. Kg3 Re8 40. Bc2 Rc8 41. Bb3 a4 42. Bxa4 Rd8 43. Bc6 g5 44. h5 Ne6 45. Be4 1-0


[Site "https://www.chess.com"]